Map: World of Sleepers LE

Players

TSGSolar (Solar) - Winner!

  • Race: Zerg Zerg
  • League: Master
  • Spawn Location: 1:00

Armani

  • Race: Zerg Zerg
  • League: Grandmaster
  • Spawn Location: 7:00

VOD

Have the link to the VOD?

Description

Time

  • Played on: Jan. 9, 2020, 7:34 a.m.
  • Length: 7:11
Show
View Real Time Build Order
Export as new Build Order

TSGSolar Zerg - Winner!

Build Orders: Hatch First 

Get SALT Encoding   

  12  0:01  Drone  
  13  0:12  Overlord  
  13  0:17  Drone  
  14  0:30  Drone x2  
  16  0:48  Hatchery  
  15  0:51  Drone  
  15  0:55  Drone  
  17  0:58  Drone  
  18  1:09  Extractor  
  17  1:13  Spawning Pool  
  17  1:16  Drone  
  17  1:19  Drone  
  18  1:28  Drone  
  19  1:38  Drone  
  20  1:49  Drone  
  21  1:59  Overlord  
  21  2:00  Queen x2  
  25  2:01  Zergling x2  
  26  2:10  Metabolic Boost  
  26  2:11  Drone x2  
  28  2:22  Drone x2  
  30  2:33  Hatchery  
  30  2:36  Drone  
  30  2:42  Drone, Baneling Nest  
  30  2:48  Drone  
  30  2:50  Overlord  
  31  2:54  Drone  
  31  2:55  Drone  
  33  3:08  Zergling x2  
  33  3:09  Zergling x6  
  33  3:10  Zergling x6  
  40  3:13  Drone  
  40  3:17  Zergling x2  
  42  3:21  Overlord  
  42  3:26  Baneling x2  
  42  3:30  Drone x2  
  44  3:40  Drone x2  
  46  3:44  Drone x3  
  46  3:47  Drone  
  50  3:49  Queen  
  50  3:52  Drone  
  48  3:55  Drone  
  48  3:56  Zergling x2  
  48  3:57  Drone  
  48  4:00  Baneling x2  
  48  4:01  Lair  
  51  4:03  Zergling x2  
  51  4:04  Extractor x2  
  51  4:05  Drone  
  51  4:07  Zergling x4  
  51  4:08  Zergling x2  
  54  4:14  Queen  
  55  4:17  Zergling x4  
  55  4:19  Overlord  
  55  4:22  Baneling x2  
  57  4:34  Zergling x2  
  57  4:38  Zergling x14  
  64  4:39  Zergling x2  
  64  4:45  Zergling x2  
  62  4:46  Queen  
  64  4:59  Nydus Network  
  63  5:01  Overseer  
  63  5:02  Queen, Overlord x2  
  63  5:06  Zergling x2  
  66  5:13  Overlord  
  66  5:21  Zergling x12  
  66  5:22  Zergling x2  
  66  5:23  Zergling x6  
  75  5:30  Zergling x2  
  75  5:31  Baneling x3  
  75  5:33  Zergling x2  
  77  5:35  Zergling x2  
  77  5:36  Zergling x2  
  77  5:40  Queen  
  78  5:44  Zergling x2, Nydus Canal  
  78  5:46  Zergling x2, Baneling x2  
  78  5:48  Zergling x2  
  70  5:51  Zergling x2  
  70  5:53  Zergling x2  
  70  5:54  Zergling x2  
  70  5:55  Zergling x2  
  70  6:02  Zergling x4  
  69  6:06  Zergling x4  
  69  6:11  Queen  
  69  6:13  Zergling x2  
  69  6:16  Zergling x2  
  70  6:19  Zergling x2  
  70  6:20  Zergling x2  
  70  6:25  Nydus Canal  
  63  6:28  Zergling x4  
  60  6:36  Zergling x2  
  60  6:37  Zergling x2  
  60  6:38  Zergling x2  
  59  6:44  Zergling x2  
  61  6:50  Zergling x2  
  61  6:53  Baneling x2  
  61  6:54  Zergling x2  
Show
View Real Time Build Order
Export as new Build Order

Armani Zerg 

Build Orders: Hatch First, Zergling Baneling 

Get SALT Encoding   

  12  0:01  Drone  
  13  0:12  Overlord  
  13  0:17  Drone  
  14  0:31  Drone x2  
  16  0:50  Hatchery  
  16  0:53  Drone  
  16  0:56  Drone  
  17  0:59  Drone  
  18  1:10  Extractor  
  17  1:13  Spawning Pool  
  17  1:16  Drone  
  17  1:20  Drone  
  18  1:28  Drone  
  19  1:39  Drone  
  20  1:50  Overlord  
  20  2:00  Queen  
  22  2:02  Queen, Drone  
  22  2:04  Drone  
  26  2:10  Metabolic Boost  
  26  2:12  Drone  
  26  2:13  Drone  
  29  2:22  Drone  
  29  2:31  Hatchery  
  29  2:33  Zergling x2  
  29  2:36  Drone  
  30  2:41  Drone  
  31  2:49  Drone  
  32  2:52  Baneling Nest  
  32  2:56  Drone  
  32  2:57  Queen  
  34  3:02  Drone  
  34  3:04  Overlord  
  35  3:06  Drone  
  36  3:18  Zergling x2, Evolution Chamber  
  36  3:23  Zergling x6  
  36  3:24  Zergling x2  
  40  3:28  Drone x2  
  40  3:31  Overlord  
  40  3:33  Zergling x2  
  43  3:36  Baneling  
  43  3:37  Baneling x2  
  43  3:44  Zergling x8  
  46  3:50  Drone x2  
  46  3:56  Drone  
  46  3:58  Drone  
  46  3:59  Lair, Drone  
  49  4:03  Drone  
  49  4:05  Drone x2  
  49  4:08  Drone  
  49  4:09  Drone  
  54  4:13  Extractor, Drone  
  54  4:14  Extractor  
  54  4:16  Baneling x2  
  54  4:17  Baneling  
  53  4:18  Drone  
  53  4:20  Drone  
  53  4:21  Drone  
  53  4:23  Drone  
  57  4:26  Drone  
  57  4:27  Overlord  
  57  4:30  Overlord  
  58  4:34  Overlord  
  57  4:38  Drone  
  57  4:41  Drone  
  57  4:42  Zergling x2  
  58  4:46  Zergling x10  
  58  4:48  Zergling x2  
  58  4:50  Drone  
  58  4:51  Extractor  
  63  4:53  Drone  
  63  4:56  Baneling x2  
  63  4:57  Baneling  
  63  4:58  Zergling x6  
  67  5:03  Zergling x8  
  71  5:08  Drone  
  71  5:13  Spire  
  71  5:14  Drone  
  71  5:19  Overlord  
  72  5:21  Overlord  
  72  5:23  Drone x3  
  72  5:25  Drone  
  73  5:30  Zergling x8  
  73  5:32  Baneling x2  
  75  5:44  Drone x6  
  68  5:50  Zergling x2  
  61  6:00  Zergling x8  
  61  6:01  Zergling x6  
  65  6:07  Baneling  
  65  6:08  Baneling x2  
  64  6:14  Zergling x10  
  51  6:27  Baneling  
  51  6:28  Zergling x6, Baneling x2  
  52  6:33  Zergling x4  
  42  6:44  Zergling x6  
  40  6:49  Zergling x2  
  40  6:50  Zergling x2  
Tags
 
Add a new tag
Caveats
  • Supply blocks, unpowered buildings, or Contaminate may cause inaccurate times.
  • Supply counts are checked every 10 seconds.